 Dungeon Crawl Stone Soup version 0.23.2-1-ga50397a (webtiles) character file.

Game seed: 9268096969739212081

566 diana the Chopper (level 7, -8/54 HPs)
             Began as a Demonspawn Gladiator on Apr 27, 2019.
             Killed by nerve-wracking pain
             ... invoked by Grinder
              (12 damage)
             ... on level 4 of the Dungeon.
             The game lasted 00:05:58 (3026 turns).

diana the Chopper (Demonspawn Gladiator)            Turns: 3026, Time: 00:05:58

Health: -8/54      AC: 10    Str: 17    XL:     7   Next: 10%
Magic:  7/7        EV: 19    Int:  9    God:
Gold:   106        SH:  8    Dex: 23    Spells: 6/6 levels left

rFire    + . .     SeeInvis .   a - +0 war axe
rCold    . . .     Gourm    .   (no shield)
rNeg     . . .     Faith    .   o - +2 ring mail {rPois}
rPois    +         Spirit   .   c - +0 helmet
rElec    .         Reflect  .   (no cloak)
rCorr    +         Harm     .   (no gloves)
MR       .....                  i - +1 pair of boots
Stlth    +++.......             (no amulet)
HPRegen  0.18/turn              g - +4 ring of dexterity
MPRegen  0.10/turn              n - ring of resist corrosion

@: agile
A: hooves 1, large bone plates 3, fire resistance 1, nightstalker 1
a: no special abilities


You were on level 4 of the Dungeon.
You were not hungry.

You visited 1 branch of the dungeon, and saw 4 of its levels.

You collected 106 gold pieces.

Inventory:

Hand Weapons
 a - a +0 war axe (weapon)
Missiles
 d - 2 throwing nets (quivered)
Armour
 c - a +0 helmet (worn)
 i - a +1 pair of boots (worn)
 o - a +2 ring mail of poison resistance (worn)
Jewellery
 g - a +4 ring of dexterity (left hand)
 n - a ring of resist corrosion (right hand)
 p - an uncursed ring of ice {unknown}
Scrolls
 e - 2 scrolls of blinking {unknown}
 h - a scroll of fear {unknown}
 j - 3 scrolls of teleportation {unknown}
 m - 7 scrolls of identify {unknown}
 r - 2 scrolls of noise {unknown}
 s - 3 scrolls of remove curse {unknown}
 u - a scroll of fog {unknown}
Potions
 b - a potion of curing
 l - a potion of degeneration {unknown}
 q - 4 potions of heal wounds {unknown}
 t - 2 potions of might {unknown}
Comestibles
 f - 5 rations


   Skills:
 + Level 4.1 Fighting
 + Level 4.4 Axes
 - Level 1.8 Throwing
 + Level 3.0 Armour
 + Level 4.4 Dodging


You had 6 spell levels left.
You didn't know any spells.
Your spell library was empty.

Dungeon Overview and Level Annotations

Branches:
Dungeon (4/15)
 Temple: D:4-7

Altars:
Ashenzari
Qazlal

Annotations:
D:3 1 runed translucent door, davaitedunem's ghost, amateur MiBe
D:4 Grinder


Innate Abilities, Weirdness & Mutations

You have large cloven feet.
You are completely covered in large bone plates. (SH +8)
Your flesh is heat resistant. (rF+)
You are slightly more attuned to the shadows.


Message History

* * * LOW HITPOINT WARNING * * *
You hit Grinder.
Grinder is severely wounded.
Grinder blinks!
Grinder gestures at you.
You suddenly lose the ability to move!
Grinder blinks!
Grinder gestures at you. You resist with significant effort.
You can move again.
Unknown command.
Throwing (i - inventory)
d - 3 throwing nets (quivered)
Press: ? - help, Shift-Dir - straight line, f - Grinder
Aim: Grinder (severely wounded)
You throw a throwing net. The throwing net hits Grinder.
Grinder is caught in the net!
Grinder is severely wounded.
Grinder gestures at you. Pain shoots through your body!
You die...

. #....'..# ##
#....##.# #
#.#####.# # #
.#####.#####.###.###
....................
#####.#####.......#
#.# ##.###...#
#####.####........#
...........†.@5.....
############.#.#...#
#.#.# .# #....
#.#... #......
#.###...


You could see Grinder (caught).

Vanquished Creatures
  Sigmund (D:2)
  An ogre (D:4)
  2 howler monkeys (D:4)
  A bullfrog skeleton (D:4)
  An iguana (D:4)
  4 worker ants (D:4)
  3 adders
  2 worms (D:3)
  3 dart slugs (D:2)
  3 leopard geckos
  2 ball pythons (D:2)
  8 bats
  3 giant cockroaches (D:3)
  7 goblins
  4 hobgoblins
  15 jackals
  6 kobolds
  A quokka (D:2)
  5 frilled lizards (D:2)
  8 rats
80 creatures vanquished.

Notes
Turn   | Place    | Note
-------+----------+-------------------------------------------
     0 | D:1      | diana the Demonspawn Gladiator began the quest for the Orb.
     0 | D:1      | Reached XP level 1. HP: 16/16 MP: 1/1
   239 | D:1      | Gained mutation: You are partially covered in large bone
                  | plates. (SH +4) [demonic ancestry]
   239 | D:1      | Reached XP level 2. HP: 22/22 MP: 2/2
   739 | D:2      | Found a shattered altar of Ashenzari.
   755 | D:2      | Gained mutation: You are mostly covered in large bone
                  | plates. (SH +6) [demonic ancestry]
   755 | D:2      | Reached XP level 3. HP: 22/27 MP: 3/3
  1054 | D:2      | Reached skill level 1 in Armour
  1187 | D:2      | Gained mutation: You are slightly more attuned to the
                  | shadows. [demonic ancestry]
  1187 | D:2      | Reached XP level 4. HP: 33/34 MP: 4/4
  1515 | D:2      | Noticed Sigmund
  1528 | D:2      | Killed Sigmund
  1528 | D:2      | Gained mutation: You are completely covered in large bone
                  | plates. (SH +8) [demonic ancestry]
  1528 | D:2      | Reached XP level 5. HP: 39/41 MP: 5/5
  2176 | D:3      | Found a runed translucent door.
  2176 | D:3      | Noticed davaitedunem's ghost (amateur MiBe)
  2562 | D:3      | Found a stormy altar of Qazlal.
  2770 | D:4      | Gained mutation: You have large cloven feet. [demonic
                  | ancestry]
  2770 | D:4      | Reached XP level 6. HP: 47/47 MP: 6/6
  2940 | D:4      | Gained mutation: Your flesh is heat resistant. (rF+)
                  | [demonic ancestry]
  2940 | D:4      | Reached XP level 7. HP: 42/54 MP: 7/7
  2984 | D:4      | Noticed Grinder
  2988 | D:4      | Paralysed by Grinder for 4 turns
  3020 | D:4      | Paralysed by Grinder for 5 turns
  3026 | D:4      | Killed from afar by Grinder

Skill      XL: |  1  2  3  4  5  6  7 |
---------------+----------------------+-----
Dodging        | 3 4 |  4.4
Axes           | 3 4 |  4.4
Armour         | 1 2 3 |  3.0
Fighting       | 3 4 |  4.1
Throwing       | |  1.8

Action                   |  1- 3 |  4- 6 |  7- 9 || total
-------------------------+-------+-------+-------++-------
Melee: War axe           |   119 |   118 |    25 ||   262
Throw: Throwing net      |       |       |     1 ||     1
  Use: Potion            |       |     1 |     3 ||     4
 Stab: Sleeping          |       |     5 |       ||     5
       Distracted        |       |     1 |       ||     1
  Eat: Chunk             |     1 |     2 |     1 ||     4
       Ration            |       |     1 |       ||     1
Armor: Leather armour    |    11 |       |       ||    11
       Ring mail         |    37 |    28 |    13 ||    78
Dodge: Dodged            |    90 |    69 |    26 ||   185
Block: Other             |    34 |    47 |    10 ||    91
